 Dungeon Crawl Stone Soup version 0.23.2-1-ga50397a6bc (webtiles) character file.

Game seed: 4473155893495715343

4539 Elkator the Destroyer (level 10, -8/81 HPs)
             Began as a Black Draconian Conjurer on May 26, 2019.
             Was a Believer of Sif Muna.
             Mangled by a slime creature (16 damage)
             ... on level 8 of the Dungeon.
             The game lasted 02:27:57 (8562 turns).

Elkator the Destroyer (Black Draconian Conjurer)    Turns: 8562, Time: 02:27:57

Health: -8/81      AC: 19    Str: 10    XL:     10   Next: 17%
Magic:  13/18      EV: 15    Int: 18    God:    Sif Muna [**....]
Gold:   448        SH:  0    Dex: 13    Spells: 6/20 levels left

rFire    . . .     SeeInvis .   o - +1 falchion (protect)
rCold    . . .     Gourm    .   (no shield)
rNeg     . . .     Faith    .   (armour unavailable)
rPois    .         Spirit   .   (helmet restricted)
rElec    +         Reflect  .   (no cloak)
rCorr    .         Harm     .   j - +0 pair of gloves
MR       .....                  h - +1 pair of boots
Stlth    +++.......             c - amulet of the acrobat
HPRegen  0.23/turn              s - +2 ring of protection
MPRegen  0.16/turn              (no ring)

@: short of breath, protection aura
A: breathe lightning, unfitting armour, electricity resistance, cold-blooded, AC
+7
a: Breathe Lightning, Divine Energy, Renounce Religion


You were on level 8 of the Dungeon.
You worshipped Sif Muna.
Sif Muna was pleased with you.
You were not hungry.

You visited 2 branches of the dungeon, and saw 9 of its levels.

You collected 448 gold pieces.

Inventory:

Hand Weapons
 g - a +0 mace of protection
 o - a +1 falchion of protection (weapon)
 u - a +0 rapier
Armour
 h - a +1 pair of boots (worn)
 j - a +0 pair of gloves (worn)
Magical Staves
 B - an uncursed staff of death
Jewellery
 c - an amulet of the acrobat (around neck)
 s - a +2 ring of protection (left hand)
Wands
 w - a wand of iceblast (25)
 x - a wand of disintegration (16)
 y - a wand of digging (9)
Scrolls
 d - 3 scrolls of enchant weapon
 i - 4 scrolls of magic mapping
 k - 3 scrolls of identify
 m - a scroll of immolation
 p - 4 scrolls of remove curse
 t - 2 scrolls of teleportation
 C - a scroll of blinking {unknown}
 D - a scroll of enchant armour
Potions
 a - 4 potions of flight
 e - 4 potions of curing
 l - a potion of berserk rage
 n - 3 potions of haste
 q - 2 potions of invisibility
 r - 2 potions of brilliance
 v - 2 potions of resistance
 A - a potion of ambrosia
Comestibles
 b - 20 rations


   Skills:
 - Level 5.0 Fighting
 + Level 7.1 Long Blades
 - Level 1.1 Maces & Flails
 + Level 5.4 Dodging
 + Level 4.1 Stealth
 * Level 5.8 Spellcasting
 + Level 8.4 Conjurations
 - Level 2.0 Hexes


You had 6 spell levels left.
You knew the following spells:

 Your Spells              Type           Power        Failure   Level  Hunger
a - Magic Dart            Conj           ####         1%          1    None
b - Searing Ray           Conj           #####.       1%          2    None
c - Dazzling Spray        Conj/Hex       ###...       4%          3    ##.....
d - Iskenderun's Mystic   Conj           #####...     3%          4    ####...
e - Fulminant Prism       Conj/Hex       ###.......   14%         4    ####...

Your spell library contained the following spells:

 Spells                   Type           Power        Failure   Level  Hunger
 Force Lance              Conj/Tloc      ###.....     22%         4    ####...


Dungeon Overview and Level Annotations

Branches:
Dungeon (8/15)             Temple (1/1) D:7
   Lair: D:8-11

Altars:
Ashenzari
Cheibriados
Dithmenos
Elyvilon
Fedhas
Gozag
Hepliaklqana
Kikubaaqudgha
Nemelex Xobeh
Okawaru
Qazlal
Ru
Sif Muna
Trog
Uskayaw
Vehumet
Wu Jian
Xom
Yredelemnul
Zin
The Shining One
Jiyva

Annotations:
D:6 exclusion: ice beast
D:8 Milou's ghost, novice HuWn


Innate Abilities, Weirdness & Mutations

You can breathe wild blasts of lightning.
Your glossy black scales are hard. (AC +7)
You cannot fit into any form of body armour.
You are resistant to electric shocks. (rElec)
You are cold-blooded and may be slowed by cold attacks.


Message History

The slime creature is heavily wounded.
The slime creature hits you but does no damage.
You hit the slime creature.
The slime creature is heavily wounded.
The slime creature barely misses you.
You riposte.
You hit the slime creature.
The slime creature is severely wounded.
You hit the slime creature.
The slime creature is severely wounded.
The slime creature hits you!
* * * LOW HITPOINT WARNING * * *
Casting: Dazzling Spray (safe; 4% risk of failure)
Confirm with . or Enter, or press ? or * to list all spells.
Aiming: Searing Ray (safe; 1% risk of failure)
Press: ? - help, Shift-Dir - straight line, f/p - Milou's ghost
Aim: Milou's ghost, wielding a weapon of freezing (moderately damaged)
The searing ray hits the slime creature!
The slime creature is almost dead. (Press . to maintain the ray.)
The slime creature hits you!
You die...

#.##...# #.#
####.##.########.#####
#.....................
#.##############.#####
#.# #......##.# #J#
#......##.# #.#
#......##.#
#.######......##.#
#....@JW......'..#
########......####
######......#####
#.(........##...##
#).........#.....#
#......##..'......
#......##..'....$_
#......###.'.....$
######## #.#.....#


You could see a slime creature and Milou's ghost.

Vanquished Creatures
  An unseen horror (D:7)
  Grinder (D:6)
  2 hippogriffs
  A wyvern (D:7)
  The ghost of Valentain the Skirmisher, an amateur HOWr (D:5)
  An orc warrior (D:6)
  An ice beast (D:6)
  A black bear (D:8)
  7 ogres
  3 phantoms
  2 sky beasts (D:8)
  A centaur (D:7)
  2 big kobolds (D:5)
  3 bullfrogs
  A wyvern skeleton (D:6)
  2 scorpions
  A howler monkey (D:8)
  A crimson imp (D:6)
  7 jellies
  4 orc wizards
  A quasit (D:5)
  A bullfrog skeleton (D:8)
  3 hounds
  2 orc priests (D:5)
  6 iguanas
  8 worker ants
  11 gnolls
  10 adders
  A howler monkey skeleton (D:7)
  2 shadow imps
  2 oozes
  2 adder skeletons
  3 worms
  6 dart slugs
  10 leopard geckos
  17 orcs
  6 giant cockroaches
  17 goblins
  14 hobgoblins
  9 jackals
  2 quokkas
  4 ball pythons
  4 bats
  11 frilled lizards
  2 jackal zombies
  18 kobolds
  A quokka zombie (D:5)
  9 rats
225 creatures vanquished.

Vanquished Creatures (others)
  A jackal (D:5)
  3 fulminant prisms (D:8)
4 creatures vanquished.

Grand Total: 229 creatures vanquished

Notes
Turn   | Place    | Note
-------+----------+-------------------------------------------
     0 | D:1      | Elkator the Draconian Conjurer began the quest for the Orb.
     0 | D:1      | Reached XP level 1. HP: 14/14 MP: 3/3
   272 | D:1      | Reached XP level 2. HP: 19/20 MP: 0/5
   363 | D:1      | Learned a level 2 spell: Searing Ray
   885 | D:1      | Reached XP level 3. HP: 16/26 MP: 2/6
   995 | D:2      | Reached skill level 5 in Conjurations
  1008 | D:2      | Learned a level 3 spell: Dazzling Spray
  1232 | D:2      | Reached XP level 4. HP: 34/34 MP: 3/7
  1737 | D:2      | Reached skill level 1 in Fighting
  1812 | D:3      | Reached skill level 1 in Maces & Flails
  1887 | D:3      | Reached XP level 5. HP: 38/40 MP: 4/9
  2456 | D:3      | Found a basalt altar of Yredelemnul.
  2456 | D:3      | Found a deep blue altar of Sif Muna.
  2464 | D:3      | Found an ancient bone altar of Kikubaaqudgha.
  2466 | D:3      | Found a faded altar of an unknown god.
  2468 | D:3      | Found a faded altar of an unknown god.
  2518 | D:3      | Became a worshipper of Sif Muna the Loreminder
  2786 | D:4      | Reached skill level 1 in Long Blades
  2791 | D:4      | Found a hide-covered altar of Uskayaw.
  2982 | D:4      | Noticed an ogre
  2999 | D:4      | Noticed an ogre
  3226 | D:4      | Killed an ogre
  3226 | D:4      | Reached XP level 6. HP: 29/47 MP: 4/11
  3302 | D:4      | Reached skill level 1 in Hexes
  3399 | D:4      | Your scales start taking on a glossy black colour.
  3399 | D:4      | Reached XP level 7. HP: 29/52 MP: 2/12
  3399 | D:4      | Gained mutation: You are resistant to electric shocks.
                  | (rElec) [Black Draconian growth]
  3565 | D:4      | Learned a level 4 spell: Iskenderun's Mystic Blast
  3665 | D:4      | Reached * piety under Sif Muna
  4036 | D:5      | Entered Level 5 of the Dungeon
  4632 | D:5      | Reached skill level 5 in Spellcasting
  4632 | D:5      | Reached XP level 8. HP: 61/61 MP: 4/15
  4809 | D:5      | Found a runed translucent gate.
  4810 | D:5      | Found a runed translucent gate.
  4816 | D:5      | Found a runed translucent gate.
  4816 | D:5      | Identified the +7 whip of Dishonesty {chaos, rF+ Int+3}
  4817 | D:5      | Noticed Valentain's ghost (amateur HOWr)
  4899 | D:5      | Reached ** piety under Sif Muna
  5157 | D:5      | Found an opulent altar of Gozag.
  5162 | D:5      | Found a hazy altar of Hepliaklqana.
  5240 | D:5      | Reached skill level 5 in Long Blades
  5298 | D:5      | Killed Valentain's ghost
  5298 | D:5      | Reached skill level 6 in Conjurations
  5533 | D:6      | Noticed Grinder
  5544 | D:6      | Paralysed by Grinder for 3 turns
  5560 | D:6      | Killed Grinder
  5792 | D:6      | Reached XP level 9. HP: 51/68 MP: 7/16
  5942 | D:6      | Found a stormy altar of Qazlal.
  6524 | D:7      | HP: 2/70 [something (4)]
  6540 | D:7      | Killed an unseen horror
  6540 | D:7      | Reached skill level 5 in Dodging
  6540 | D:7      | Reached skill level 7 in Conjurations
  6599 | D:7      | Found a staircase to the Ecumenical Temple.
  6753 | Temple   | Entered the Ecumenical Temple
  7139 | D:7      | Reached skill level 8 in Conjurations
  7562 | D:8      | Reached skill level 5 in Fighting
  7635 | D:8      | Learned a level 4 spell: Fulminant Prism
  7783 | D:8      | Reached XP level 10. HP: 72/81 MP: 2/18
  7827 | D:8      | Found a runed translucent gate.
  7827 | D:8      | Found a runed translucent gate.
  7827 | D:8      | Found a runed translucent gate.
  7832 | D:8      | Noticed Milou's ghost (novice HuWn)
  7877 | D:8      | Found a viscous altar of Jiyva.
  8562 | D:8      | Mangled by a slime creature

Skill      XL: |  1  2  3  4  5  6  7  8  9 |
---------------+----------------------------+-----
Conjurations   | 5 6 8 |  8.4
Stealth        | 2 3 4 |  4.1
Dodging        | 2 3 4 5 |  5.4
Fighting       | 1 2 5 |  5.0
Maces & Flails | 1 |  1.1
Spellcasting   | 3 5 |  5.8
Long Blades    | 1 2 4 6 7 |  7.1
Hexes          | 1 2 |  2.0

Action                   |  1- 3 |  4- 6 |  7- 9 | 10-12 || total
-------------------------+-------+-------+-------+-------++-------
Melee: Unarmed           |     1 |       |       |       ||     1
       Mace              |    29 |    54 |       |       ||    83
       Tailslap          |       |    12 |    33 |     7 ||    52
       Falchion          |       |    67 |   236 |    37 ||   340
 Cast: Magic Dart        |    36 |    46 |   139 |    13 ||   234
       Searing Ray       |     9 |    27 |    55 |     8 ||    99
       Dazzling Spray    |       |     9 |     7 |    14 ||    30
       Iskenderun's Myst |       |       |     3 |     1 ||     4
       Fulminant Prism   |       |       |     1 |     2 ||     3
 Abil: Breathe Lightning |       |       |     2 |     2 ||     4
  Use: Scroll            |     3 |     4 |     9 |     1 ||    17
       Potion            |       |       |     3 |     2 ||     5
 Stab: Sleeping          |       |     2 |       |       ||     2
       Invisible         |       |       |       |     1 ||     1
  Eat: Chunk             |     2 |    10 |    16 |     2 ||    30
       Ration            |       |       |       |     1 ||     1
Armor: Skin              |    22 |    64 |   157 |    21 ||   264
Dodge: Dodged            |    54 |   118 |   269 |    50 ||   491
       Rpst.: Falchion   |       |    24 |    54 |    16 ||    94
